 Dungeon Crawl Stone Soup version 0.28-a0-1143-gcf6077d4cc (webtiles) character file.

Game seed: 7960704798745180951

3666 leviel the Cleaver (level 10, -7/91 HPs)
             Began as a Hill Orc Fighter on Dec 13, 2021.
             Was a Follower of Qazlal.
             Mangled by an orc warrior (18 damage)
             ... on level 8 of the Dungeon.
             The game lasted 00:08:21 (8059 turns).

leviel the Cleaver (Hill Orc Fighter)               Turns: 8059, Time: 00:08:21

Health: -7/91      AC: 11    Str: 24    XL:     10   Next: 12%
Magic:  10/10      EV: 10    Int:  8    God:    Qazlal [*.....]
Gold:   352        SH:  6    Dex: 10    Spells: 9/9 levels left

rFire   . . .      SeeInvis +   a - +1 war axe (elec)
rCold   . . .      Faith    .   c - +0 buckler
rNeg    . . .      Spirit   .   b - +0 scale mail
rPois   .          Reflect  .   t - +2 helmet
rElec   .          Harm     .   (no cloak)
rCorr   .          Rampage  .   (no gloves)
Will    .....                   (no boots)
Stlth   ..........              u - amulet of the acrobat
HPRegen 0.25/turn               k - ring of see invisible
MPRegen 0.12/turn               i - ring of flight

@: flying
A: no striking features
a: Renounce Religion


You were on level 8 of the Dungeon.
You worshipped Qazlal.
Qazlal was aware of your devotion.
You visited 2 branches of the dungeon, and saw 9 of its levels.

You collected 352 gold pieces.

Inventory:

Hand Weapons
 a - a +1 war axe of electrocution (weapon)
Missiles
 g - 26 poisoned darts (quivered)
Armour
 b - a +0 scale mail (worn)
 c - a +0 buckler (worn)
 t - a +2 helmet (worn)
Jewellery
 i - a ring of flight (right hand)
 k - a ring of see invisible (left hand)
 u - an amulet of the acrobat (around neck)
Wands
 e - a wand of flame (40)
 m - a wand of charming (9)
 w - a wand of paralysis (6)
Scrolls
 l - 3 scrolls of identify {@r1}
 n - 2 scrolls of holy word
 o - 2 scrolls of immolation
 p - a scroll of amnesia
Potions
 d - a potion of might
 f - a potion of mutation
 h - 3 potions of brilliance
 j - 2 potions of flight
 q - 5 potions of berserk rage
 s - a potion of resistance {unknown}
 v - 2 potions of lignification {unknown}


   Skills:
 + Level 9.3 Fighting
 * Level 12.0 Axes
 + Level 8.4 Armour
 - Level 5.8 Shields


You had 9 spell levels left.
You didn't know any spells.
Your spell library contained the following spells:

 Spells                   Type           Power      Damage    Failure   Level
 Sandblast                Erth           0%         2d4       67%         1
 Passwall                 Tmut/Erth      0%         N/A       80%         2
 Static Discharge         Conj/Air       0%         N/A       80%         2
 Conjure Flame            Conj/Fire      0%         6-21      95%         3
 Ignite Poison            Fire/Tmut/Pois 0%         N/A       95%         3
 Stone Arrow              Conj/Erth      0%         3d7       95%         3
 Animate Armour           Summ/Erth      0%         N/A       100%        4
 Dispel Undead            Necr           0%         3d6       100%        4
 Sticky Flame             Conj/Fire      0%         2d3       100%        4
 Blade Hands              Tmut           0%         N/A       100%        5
 Iron Shot                Conj/Erth      0%         9d1       100%        6


Dungeon Overview and Level Annotations

Branches:
Dungeon (8/15)             Temple (1/1) D:6
   Lair: D:8-11

Altars:
Ashenzari
Cheibriados
Dithmenos
Elyvilon
Fedhas
Gozag
Hepliaklqana
Kikubaaqudgha
Makhleb
Okawaru
Qazlal
Trog
Uskayaw
Wu Jian
Xom
Yredelemnul
The Shining One


Message History

You are too injured to fight recklessly!
You are too injured to fight recklessly!
You are too injured to fight recklessly!
You are too injured to fight recklessly!
You are too injured to fight recklessly!
You are too injured to fight recklessly!
You closely miss the orc wizard.
The orc wizard is heavily wounded.
The orc warrior hits you from afar with a +0 halberd!
You hit the orc wizard.
The orc wizard is heavily wounded.
The orc wizard hits you but does no damage.
The orc warrior closely misses you.
You slash the orc!
You kill the orc!
Qazlal accepts your kill.
The orc wizard points at you and mumbles some strange words.
The magic dart hits you but does no damage.
The orc warrior throws a boomerang.
The boomerang hits you! The orc wizard completely misses you.
You hit the orc wizard.
The orc wizard is severely wounded.
The orc warrior hits you from afar with a +0 halberd!
* * * LOW HITPOINT WARNING * * *
The orc wizard is engulfed in blazing flames.
You kill the orc wizard!
Qazlal accepts your kill. The orc warrior completely misses you.
There is an open door, spattered with blood here.
Things that are here:
a +0 dagger; a +0 robe; a +0 club You hit the orc warrior but do no damage.
The orc warrior hits you with a +0 halberd!
* * * LOW HITPOINT WARNING * * *
You closely miss the orc warrior.
The orc warrior hits you with a +0 halberd!
* * * LOW HITPOINT WARNING * * *
You feel better.
The orc warrior hits you with a +0 halberd!!
You die...

... ....
....#+###########
................#
...............<#
................####
.......o§..........#
...###@############
#....# #....# ######


You could see an orc warrior.

Vanquished Creatures
  Pikel (D:6)
  Maggie (D:7)
  2 water moccasins (D:7)
  Duvessa (D:6)
  An orc warrior (D:7)
  A sky beast (D:7)
  An ice beast (D:6)
  A hornet zombie (D:6)
  2 necrophages
  2 ogres
  A black bear (D:8)
  A phantom (D:5)
  2 kobold brigands (D:5)
  A bullfrog (D:7)
  2 scorpions
  3 killer bees (D:5)
  Dowan (D:6)
  A water moccasin skeleton (D:5)
  8 wights
  A howler monkey (D:6)
  A centaur zombie (D:7)
  A bullfrog zombie (D:6)
  A bullfrog skeleton (D:6)
  2 orc priests
  2 centaur skeletons (D:6)
  2 jellies
  2 iguanas
  7 orc wizards
  A killer bee zombie (D:6)
  A mummy (D:5)
  12 adders
  4 gnolls (D:7)
  A howler monkey skeleton (D:7)
  2 white imps
  2 ufetubi (D:4)
  2 worms (D:2)
  2 dart slugs (D:1)
  23 orcs
  8 endoplasms
  A giant cockroach (D:4)
  15 hobgoblins
  2 jackals
  9 quokkas
  14 ball pythons
  8 bats
  2 frilled lizards
  5 goblins
  11 kobolds
  5 rats
182 creatures vanquished.

Vanquished Creatures (others)
  3 plants (D:4)
3 creatures vanquished.

Grand Total: 185 creatures vanquished

Notes
Turn   | Place    | Note
-------+----------+-------------------------------------------
     0 | D:1      | leviel the Hill Orc Fighter began the quest for the Orb.
     0 | D:1      | Reached XP level 1. HP: 19/19 MP: 1/1
   103 | D:1      | Reached XP level 2. HP: 27/27 MP: 2/2
   113 | D:1      | Reached skill level 3 in Axes
   258 | D:1      | Found a faded altar of an unknown god.
   361 | D:1      | Reached XP level 3. HP: 33/33 MP: 3/3
  1032 | D:2      | Reached XP level 4. HP: 40/40 MP: 4/4
  1670 | D:3      | Reached skill level 4 in Axes
  1972 | D:3      | Reached XP level 5. HP: 47/47 MP: 5/5
  2013 | D:3      | Found a white marble altar of Elyvilon.
  2458 | D:3      | Reached skill level 5 in Fighting
  2458 | D:3      | Reached XP level 6. HP: 52/56 MP: 6/6
  2719 | D:4      | Found a stormy altar of Qazlal.
  2780 | D:4      | Reached skill level 5 in Axes
  3534 | D:4      | Reached skill level 5 in Shields
  3576 | D:5      | Entered Level 5 of the Dungeon
  3803 | D:5      | Reached skill level 5 in Armour
  3803 | D:5      | Reached XP level 7. HP: 61/61 MP: 7/7
  4149 | D:5      | Reached skill level 6 in Axes
  4645 | D:5      | Found a shimmering altar of Xom.
  4748 | D:5      | Reached XP level 8. HP: 55/71 MP: 8/8
  5053 | D:5      | Found a snail-covered altar of Cheibriados.
  5185 | D:6      | Noticed Pikel
  5198 | D:6      | Reached skill level 7 in Axes
  5209 | D:6      | Killed Pikel
  5210 | D:6      | Reached skill level 8 in Axes
  5218 | D:6      | Noticed Duvessa
  5219 | D:6      | Reached skill level 9 in Axes
  5219 | D:6      | Reached XP level 9. HP: 23/79 MP: 9/9
  5223 | D:6      | Noticed Dowan
  5527 | D:6      | Killed Duvessa
  5532 | D:6      | Killed Dowan
  5653 | D:6      | Found a staircase to the Ecumenical Temple.
  5678 | Temple   | Entered the Ecumenical Temple
  6022 | D:4      | Became a worshipper of Qazlal Stormbringer
  6513 | D:7      | Reached skill level 10 in Axes
  6870 | D:7      | Reached * piety under Qazlal
  7283 | D:7      | Reached skill level 11 in Axes
  7803 | D:7      | Noticed Maggie
  7813 | D:7      | Killed Maggie
  7814 | D:7      | Reached XP level 10. HP: 63/91 MP: 10/10
  7817 | D:7      | Reached skill level 12 in Axes
  8059 | D:8      | Mangled by an orc warrior

Illustrated notes

Levels and vault maps discovered:
D:1:      lightli_arrival_windingriver, layout_basic,
          nicolae_ecumenical_snake_handling, minmay_misc_feat_x, st_stairs_10,
          chequers_serial_rivers_marsh
D:2:      wander_river, layout_loops_cross, minmay_tromino_v4_b
D:3:      minmay_bubble_buster, layout_basic, mainiacjoe_overflow_tiny_flanked,
          serial_glass, glass_columns_a, glass_columns_a, item_on_display_a,
          due_unseen_surprise, item_on_display_a
D:4:      layout_basic, mainiacjoe_overflow_boulevard,
          kennysheep_decorative_pillar
D:5:      cheibrodos_thug_alley, layout_basic, lemuel_doored_altar, slow_altar_1
D:6:      layout_rooms, minmay_temple_entry_mist, uniq_duvessa, uniq_pikel
D:7:      layout_rooms, serial_aquarium, aquarium_bridge_long_joined
          [aquarium_subvault_balcony, aquarium_subvault_wall,
          aquarium_subvault_window, aquarium_subvault_balcony,
          aquarium_subvault_wall, aquarium_subvault_bridge], aquarium_window_1,
          aquarium_window_1, aquarium_view_2e, aquarium_pool_four, uniq_maggie
D:8:      nzn_winding_woodlands_stair_cross [nzn_winding_woodlands_5x15_twine,
          nzn_winding_woodlands_center_pierced_h,
          nzn_winding_woodlands_5x15_eye, nzn_winding_woodlands_5x5_open_star,
          nzn_winding_woodlands_hourglass, nzn_winding_woodlands_5x15_default,
          nzn_winding_woodlands_center_garden,
          nzn_winding_woodlands_5x15_default], layout_gridville,
          mainiacjoe_overflow_six_doors_small, st_stairs_3,
          chequers_serial_rivers_large_a
Temple:   oiseaux_autumnal_temple

Skill      XL: |  1  2  3  4  5  6  7  8  9 10 |
---------------+-------------------------------+-----
Axes           | 3 4 5 6 9 11 12 | 12.0
Fighting       | 4 5 6 7 9 |  9.3
Shields        | 4 5 |  5.8
Armour         | 4 5 6 8 |  8.4

Action                   |  1- 3 |  4- 6 |  7- 9 | 10-12 || total
-------------------------+-------+-------+-------+-------++-------
Melee: War axe           |    76 |   182 |   262 |    16 ||   536
  Use: Scroll            |       |     9 |     8 |       ||    17
       Potion            |       |       |     7 |     1 ||     8
Armor: Scale mail        |    31 |   109 |    97 |     9 ||   246
Dodge: Dodged            |    28 |    90 |   108 |    12 ||   238
Block: Buckler           |    22 |    47 |    65 |     4 ||   138

Table legend: (Time is in decaauts)
 A = Elapsed time spent in this place.
 B = Non-inter-level travel time spent in this place.
 C = Inter-level travel time spent in this place.
 D = Time resting spent in this place.
 E = Time spent auto-exploring this place.
 F = Levels seen in this place.
 G = Mean time per level.
                   A        B        C        D        E       F      G
               +--------+--------+--------+--------+--------+-----+--------+
         Total |   8172 |   7797 |    375 |   1014 |   5529 |   9 |  908.0 |
       Dungeon |   7920 |   7587 |    333 |   1014 |   5330 |   8 |  990.0 |
        Temple |    252 |    210 |     42 |      0 |    199 |   1 |  252.0 |
               +--------+--------+--------+--------+--------+-----+--------+

Top non-repeatable levels by time:
     D:5: 1674 daAuts
     D:7: 1525 daAuts
     D:3: 1041 daAuts
     D:6: 984 daAuts
     D:4: 965 daAuts
     D:2: 938 daAuts
     D:1: 761 daAuts
  Temple: 252 daAuts
     D:8: 28 daAuts
